[Event "Polish Youth B18 Championship 2023"]
[Site "Jastrzebia Gora"]
[Date "2023.03.14"]
[Round "4.9"]
[White "Syrkiewicz, Michal"]
[Black "Kacprzak, Karol"]
[Result "0-1"]
[ECO "B90"]
[WhiteElo "2000"]
[BlackElo "2221"]
[Annotator "TA"]
[PlyCount "140"]
[EventDate "2023.03.11"]
[EventType "swiss"]
[EventCountry "POL"]
[SourceTitle "playchess.com"]
[Source "ChessBase"]
[SourceQuality "1"]
[TimeControl "40/5400+30:1800+30"]

1. e4 c5 2. Nf3 d6 3. d4 cxd4 4. Nxd4 Nf6 5. Nc3 a6 6. Be3 e6 7. Be2 Be7 8. f4 Qc7 9. g4 {[%emt 0:07:40][%cal Bg2g4,Bg4g5][%mdl 32] is the new trend.} b5 {[%emt 0:05:45] B84: Sicilian Scheveningen: 6 Be2 a6, lines without early Be3.} 10. g5 Nfd7 11. f5 Ne5 {[%emt 0:07:40] White is slightly better.} 12. a3 Nbc6 {[%emt 0:01:37] [#]} 13. Rf1 $146 (13. Nxc6 $14 Qxc6 14. Rf1) ({Predecessor:} 13. O-O g6 14. Qd2 Nxd4 15. Bxd4 Bb7 16. fxe6 fxe6 17. Qe3 O-O-O 18. Qh3 Bxg5 19. Bg4 Kb8 20. Bxe6 {½-½ Hoffmann,P (2372)-Botvinnik,M (2337) WUCC op 11th 2010 (9)}) 13... Bd7 (13... Na5 $1 $11) 14. Nxc6 $14 Bxc6 15. Qd4 Qb7 16. O-O-O a5 17. f6 (17. b4 {keeps more tension.} axb4 18. axb4 Ra1+ 19. Kb2) 17... gxf6 18. gxf6 Bf8 19. Qb6 Qxb6 20. Bxb6 b4 21. axb4 axb4 22. Nb5 Rb8 (22... Bxe4 23. Nxd6+ (23. Nc7+ Kd7 $11) 23... Bxd6 24. Rxd6 $16) (22... Kd7 $5 ) 23. Nc7+ $2 (23. Nxd6+ $2 Bxd6 24. Rxd6 Rxb6 $19) (23. Rxd6 $1 $11 {and White has nothing to worry.} Bxd6 24. Nxd6+ Kd7 25. Rd1) 23... Kd7 $19 24. Ba5 Bxe4 25. Na6 Rc8 {[%emt 0:01:39][%cal Bb8c8,Bc8c4,Bc4d4][%mdl 32] Dancing on a razor blade.} (25... Bh6+ $6 26. Kb1 Be3 27. Bxb4 $11) 26. Nxb4 Nc4 27. Bxc4 {[%emt 0:00:49] Bb5+ is the strong threat.} Rxc4 28. Nd3 Bh6+ 29. Kb1 {[%emt 0:01:33] [#]} Rd4 $1 30. Bd2 Bxd2 31. Rxd2 Bxd3 32. Rxd3 Rxd3 33. cxd3 $17 {[%emt 0:00:02][%mdl 4096] Endgame KR-KR} Rg8 34. Rf4 Rg6 35. d4 (35. Kc2 $17 {was called for.}) 35... Rh6 36. Rf2 Rh4 37. Rg2 Rf4 38. Rg7 Rxf6 {[%emt 0:00:02] And now ...Kc6 would win.} (38... Rxd4 $6 39. Rxf7+ Kc6 40. Rxh7 $11) 39. Rxh7 Kc6 40. Kc2 {[%emt 0:00:00] [#] White does not recover from this.} (40. Rh5 $17) 40... Kd5 $1 $19 41. Kd3 (41. Rh4 {keeps fighting.}) 41... Rf3+ 42. Ke2 Rf4 43. Ke3 Re4+ (43... Rxd4 44. Rxf7 e5 45. Rf1 $17) 44. Kf3 f5 ({Weaker is} 44... Kxd4 45. Rxf7 d5 46. Ra7 $17) 45. h4 $2 (45. Ra7) 45... Rxd4 (45... Kxd4 $2 {loses.} 46. h5 $19) 46. h5 Rb4 47. h6 (47. Rf7 $142 Rxb2 48. Kg3) 47... Rxb2 {[%emt 0:02:49] Strongly threatening ...Rh2.} 48. Kg3 {[%emt 0:00:08] Inhibits Rh2.} Rb1 {[%emt 0:00:14] White must now prevent ...Rh1.} 49. Kg2 {[%emt 0:00:03] Repels Rh1} Rb4 50. Kg3 {[%emt 0:00:03] Prevents Rh4} Rg4+ 51. Kh3 Rg1 52. Kh4 f4 53. Ra7 e5 {[%emt 0:00:40][%cal Be6e5,Be5e4][%mdl 32] aiming for ...Rh1+.} 54. h7 f3 ({Wrong is} 54... Rh1+ $2 55. Kg4 $19) 55. h8=Q {[%emt 0:00:18] Qa8+ would be deadly.} Rh1+ {[%emt 0:00:04][%mdl 64] Skewer} 56. Kg3 Rxh8 57. Kxf3 {[%emt 0:00:01] KR-KR} Rh3+ (57... e4+ $142 58. Kf4 Rf8+ 59. Ke3 Rf3+ 60. Kd2 Rh3 61. Ke2 Ke5 62. Kf2 d5 63. Ra5 Rb3 64. Kg2 Kd4 65. Kf1 e3 66. Kg2 Rb2+ 67. Kf3 Rf2+ 68. Kg3 Ke4 69. Kg4 e2 70. Ra8 Rf4+ 71. Kh3 Rf1 72. Kg4 e1=Q 73. Re8+ Kd3 74. Rxe1 Rxe1 75. Kg5 Rf1 76. Kh6 d4 77. Kh5 Ke4 78. Kg6 d3 79. Kh7 d2 80. Kh6 d1=Q 81. Kg5 Qd5+ 82. Kh4 Kf3 83. Kh3 Qh5#) 58. Ke2 e4 {[%emt 0:00:15] Black mates.} 59. Ra8 Kd4 60. Ra4+ Ke5 61. Ra8 d5 62. Rb8 Rh2+ 63. Kd1 d4 64. Re8+ Kf4 65. Rf8+ Ke3 66. Rg8 Rh1+ 67. Kc2 d3+ 68. Kc3 Rc1+ 69. Kb2 d2 70. Rg3+ Kf4 {[%emt 0:00:06] Weighted Error Value: White=0.48/Black=0.09 (flawless)} 0-1

[Event "Polish Youth B18 Championship 2023"]
[Site "Jastrzebia Gora"]
[Date "2023.03.14"]
[Round "4.10"]
[White "Grzesik, Gracjan"]
[Black "Biesiadecki, Adam"]
[Result "1/2-1/2"]
[ECO "A29"]
[WhiteElo "2149"]
[BlackElo "1761"]
[Annotator "TA"]
[PlyCount "65"]
[EventDate "2023.03.11"]
[EventType "swiss"]
[EventCountry "POL"]
[SourceTitle "playchess.com"]
[Source "ChessBase"]
[SourceQuality "1"]
[TimeControl "40/5400+30:1800+30"]

1. c4 e5 2. Nc3 Nf6 3. Nf3 Nc6 4. g3 Bb4 5. Bg2 O-O 6. O-O d6 {[%emt 0:01:37] has lost popularity (6...e4).} 7. Nd5 Nxd5 {[%emt 0:08:45] A29: English Opening: Four Knights Variation with 4 g3.} 8. cxd5 Ne7 {[%emt 0:00:14] [#]} 9. Qa4 $146 ({Predecessor:} 9. a3 Bc5 10. d4 exd4 11. Nxd4 Nf5 12. Nxf5 Bxf5 13. b4 Bb6 14. Bb2 Qg5 15. Rc1 {0-1 Hansen,E (2606)-Ohanyan,E (2379) Titled Tuesday intern op 08th Feb Early blitz 2022 (2)}) 9... Bc5 (9... Nxd5 $2 10. e4 $18) 10. d4 exd4 11. Nxd4 Nf5 12. Nb3 Bb6 13. Bd2 Re8 14. e4 Ne7 (14... Bd7 $5 15. Qc4 Ne7 $11) 15. Ba5 Bd7 16. Qc4 c5 17. Bd2 Ng6 18. f4 a6 19. a4 {[%emt 0:00:29] Wards off Bb5} Ba7 20. Kh1 b5 21. Qc2 c4 22. Na5 Bb6 23. axb5 axb5 24. b4 cxb3 25. Nxb3 Ra4 26. Bc3 Qc7 27. Qb2 f6 28. h4 (28. Nd4 $14 {is more appropriate.}) 28... Rc4 {[%emt 0:03:13] The position is equal.} 29. Rfc1 Rc8 30. Bb4 Be3 31. Bd2 Bxd2 32. Qxd2 Bg4 33. Kh2 {Weighted Error Value: White=0.11 (very precise) /Black=0.07 (flawless)} 1/2-1/2

[Event "Polish Youth B18 Championship 2023"]
[Site "Jastrzebia Gora"]
[Date "2023.03.14"]
[Round "4.11"]
[White "Kotowicz, Kamil"]
[Black "Backiel, Hubert"]
[Result "0-1"]
[ECO "A45"]
[WhiteElo "1828"]
[BlackElo "2127"]
[Annotator "TA"]
[PlyCount "146"]
[EventDate "2023.03.11"]
[EventType "swiss"]
[EventCountry "POL"]
[SourceTitle "playchess.com"]
[Source "ChessBase"]
[SourceQuality "1"]
[TimeControl "40/5400+30:1800+30"]

1. d4 Nf6 2. g3 e6 3. Bg2 d5 4. Nf3 b5 5. O-O Be7 6. c3 {[%emt 0:00:48] A46: 1 d4 Nf6 2 Nf3 e6: Torre, London and Colle Systems.} O-O 7. Nbd2 Bb7 8. Ne5 {[%emt 0:01:24] The position is equal.} Nbd7 {[%emt 0:02:10] [#]} 9. Nxd7 $146 ({Predecessor:} 9. Nb3 c5 10. Nxc5 Nxc5 11. dxc5 Bxc5 12. Bg5 Be7 13. a4 Qc7 14. Nd3 Bc6 {½-½ Dudukovic,N (2406)-Zajic,M (2485) SRB-ch sf Kragujevac 2019 (2)}) 9... Qxd7 10. Qc2 Rfc8 11. Nb3 Qc6 (11... a5 $15) 12. Na5 $11 Qb6 13. b4 Re8 14. Bg5 Rad8 15. Bxf6 Bxf6 16. e4 Bc8 17. e5 Be7 18. Nb3 c6 19. f4 f5 (19... a5 $142) 20. exf6 gxf6 21. Rae1 Bd6 22. Qd2 Kg7 23. Bh3 Re7 24. Kh1 Rde8 25. Rf2 Qc7 26. Ref1 h6 (26... h5 $14) 27. g4 (27. Bg4 $16) 27... Rh8 28. Nc5 Kf7 29. Qd3 Ree8 30. Qf3 (30. Qe3 {keeps more tension.} a5 31. bxa5 Bxc5 32. dxc5 Qxa5 33. Rg1) 30... Ke7 31. Nd3 Kd8 32. Re2 Qf7 33. Qf2 Kc7 34. Nc5 Re7 35. Rfe1 Rhe8 36. Nd3 Qg7 37. Re3 Rh8 38. f5 (38. a4 $11 {remains equal.}) 38... h5 (38... Rhe8 $17) 39. gxh5 (39. fxe6 $2 hxg4 40. Bg2 Qg5 $19) (39. g5 $1 $11 {was the only way to keep the balance.}) 39... Rxh5 $17 {[%emt 0:00:34] Threatens to win with ...Qh6. Black converts the advantage convincingly.} 40. fxe6 (40. Nf4 $17 Rh6 41. Nxe6+ (41. fxe6 Qh7 $15) 41... Bxe6 42. fxe6) 40... Qh6 $19 (40... Bxe6 $2 41. Nf4 (41. Rxe6 $2 Rxe6 42. Rxe6 Rxh3 $19) 41... Bxf4 42. Qxf4+ (42. Rxe6 Rxe6 43. Qxf4+ Rd6 $17) 42... Kb7 43. Bxe6 $18) 41. Qf3 {[%emt 0:13:21] [#]} f5 $1 {[%emt 0:13:56][%mdl 1536] White must now prevent ...f4. Black has strong compensation.} 42. Nf2 (42. Bxf5 $2 Rxf5 43. Qg2 Rh7 $19) 42... Bf4 (42... Bxe6 43. Qe2 $17 (43. Rxe6 Rxe6 44. Rxe6 Rxh3 $17)) (42... Rxe6 43. Rxe6 Bxe6 44. Qe3 $17 (44. Rxe6 Rxh3 45. Qxh3 Qxe6 $17)) 43. R3e2 Rh4 (43... Bxe6 44. Rxe6 Rxe6 45. Rxe6 Qxe6 46. Qxh5 $18) 44. Nd3 $2 (44. Ra1) 44... Bd6 (44... Rxh3 45. Qxf4+ Qxf4 46. Nxf4 Rxc3 47. h4 $14) (44... Rxe6 45. Rxe6 Bxe6 46. Nxf4 (46. Rxe6 Qxe6 47. Nxf4 Qe4 $15) 46... Rxf4 47. Rxe6 Rxf3 48. Rxh6 $18) 45. Nf2 Rf4 46. Qd3 Rxe6 (46... Bxe6 $2 47. Qd2 Qh4 48. Nd3 $19) 47. Rxe6 Bxe6 48. Qe3 Qh4 49. Qg3 Qxg3 50. hxg3 Rxf2 51. Rxe6 {[%emt 0:00:04][%mdl 4096] Endgame KRB-KRB} Rf3 {[%emt 0:00:11] Repels Re3} (51... Bxg3 $2 52. Re3 f4 53. Re7+ Kd8 54. Rd7+ Ke8 55. Kg1 Rxa2 56. Rg7) ({Worse is} 51... Rxa2 52. Bxf5 Ra3 53. Rh6) 52. Rg6 Rxg3 (52... Rxc3 $2 {perishes.} 53. Bxf5 Bxb4 54. Rg7+ Kb6 55. Bc8 $19) 53. Bxf5 (53. Rxg3 Bxg3 54. Kg2) 53... Rxg6 (53... Rxc3 $2 {is the wrong capture.} 54. Rg7+ Kb6 55. Rg6 Bxb4 56. Be6 $19) 54. Bxg6 {[%emt 0:00:10] KB-KB} Bf4 55. Kg2 Bd2 56. Kf3 (56. c4 $142 bxc4 57. Bf5) 56... Bxc3 57. Ke3 Bxb4 {[%emt 0:00:19] Hoping for ...Ba3.} 58. Be8 Ba3 59. Kd3 Bb2 60. Bh5 Kb6 {[%emt 0:01:12] ( -> ...a5)} 61. Be8 a5 62. Bh5 Ba1 63. Bg4 Bb2 64. Bh5 $1 a4 65. Bd1 Ba1 66. Bc2 Bb2 67. Bd1 $1 Ka5 68. Bg4 b4 69. Bd7 Kb5 70. Bg4 b3 {[%emt 0:03:37] Black mates.} 71. axb3 {[%emt 0:00:50] [#]} a3 $1 72. Be2 Kb4 73. Kc2 Bxd4 {[%emt 0:00:21] Weighted Error Value: White=0.52/Black=0.20 (precise)} 0-1

[Event "Polish Youth B18 Championship 2023"]
[Site "Jastrzebia Gora"]
[Date "2023.03.14"]
[Round "4.12"]
[White "Lis, Maksymilian"]
[Black "Wojdak, Jan"]
[Result "1/2-1/2"]
[ECO "E14"]
[WhiteElo "1784"]
[BlackElo "2097"]
[Annotator "TA"]
[PlyCount "152"]
[EventDate "2023.03.11"]
[EventType "swiss"]
[EventCountry "POL"]
[SourceTitle "playchess.com"]
[Source "ChessBase"]
[SourceQuality "1"]
[TimeControl "40/5400+30:1800+30"]

1. d4 Nf6 2. Nf3 e6 3. c4 b6 4. e3 Bb7 5. Bd3 d5 6. O-O Bd6 7. Nc3 Nbd7 8. cxd5 exd5 9. b3 a6 10. Bb2 O-O 11. Ne2 Ne4 12. Rc1 Qe7 13. Ng3 {[%emt 0:01:26] E14: Queen's Indian: Classical Variation (4 e3).} f5 14. Re1 Rf6 {[%emt 0:21:53] [#]} 15. Nd2 $146 {[%emt 0:07:08] Black has an edge.} ({Predecessor:} 15. Re2 Raf8 16. Rec2 c6 17. Qe2 a5 18. Rf1 Rh6 19. Qd1 Qe8 20. Bxe4 fxe4 21. Ng5 Ba6 22. Re1 Bd3 23. Rxc6 Bxg3 24. Rxh6 Bxf2+ 25. Kh1 Bxe1 {0-1 Bodicker,R (2019)-Van Foreest,L (2367) Amsterdam Science Park op-A 2016 (8)}) 15... Raf8 16. Ngf1 Rh6 {[%emt 0:05:33][%cal Od6h2] Strongly threatening ...Bxh2+!} 17. f4 (17. f3 $2 Bxh2+ 18. Nxh2 Qh4 19. Bxe4 (19. Ndf1 Qf2+ 20. Kh1 Rxh2+ 21. Kxh2 Rf6) 19... Qxh2+ 20. Kf2 Qh4+ 21. Ke2 dxe4 $19) 17... g5 $1 18. fxg5 Qxg5 {[%emt 0:00:50][%cal Oh6h2] And now ...Rxh2! would win.} 19. Nf3 Qg7 20. Qe2 Rg6 21. Rc2 a5 22. Bb5 Nb8 ({Black should play} 22... Ndf6 $17 {...Ng4 would be deadly.} 23. Ne5 Rh6) 23. Ne5 $11 Re6 24. Nd2 $1 Nxd2 (24... c6 $5 25. Bd3 $8 Bxe5 26. dxe5 c5 $11) 25. Rxd2 Bb4 (25... c6 $5 26. Bd3 $8 Nd7 $11) 26. Rf1 Bxd2 27. Qxd2 Ba6 28. Bxa6 Nxa6 29. Rf3 (29. Qe2 $11 Nb4 30. Qb5) 29... Kh8 30. Qf2 ({Better is} 30. Ba3 $11 Nb4 31. Bxb4 axb4 32. Qxb4) 30... Ref6 31. Qe2 Nb8 (31... Nb4 $15 32. a3 Nc6) 32. Ba3 $14 {[%emt 0:00:50][%cal Of3g3] Hoping for Rg3!} Rg8 (32... Re8 $1 $14) 33. Rg3 $36 {[%emt 0:01:29][%mdl 2048] Black is under strong pressure.} Qh6 34. Be7 Rxg3 35. Bxf6+ Qxf6 36. hxg3 {[%emt 0:00:06][%mdl 4096] Endgame KQN-KQN} Kg7 37. Qb5 {[%emt 0:00:26] Prevents Nc6.} Qe6 {[%emt 0:00:12] Against Qe8} 38. Kf2 Kf8 $2 (38... Kf6 $14) 39. b4 $1 $18 axb4 40. Qxb4+ ({Only move:} 40. Qa4 $1 $18) 40... Ke8 $1 $11 41. Qa4+ (41. Qa3 {is more complex.} Nd7 42. Qa8+ Ke7 43. Nc6+) 41... Kd8 42. Qa8 (42. Qa7 $5 Kc8 43. Qa8 $14) 42... Kc8 43. Kf3 Qd6 44. a3 c5 45. Qa4 c4 (45... Qe6 $11) 46. Qe8+ $14 Kb7 47. Qf7+ Ka8 48. Qxf5 {[%emt 0:01:10] White is much more active.} ({Don't take} 48. Qxh7 Qxa3 49. Qxf5 c3 $14) 48... Qxa3 {[%emt 0:02:42] [#]} (48... c3 $16) 49. Nxc4 $2 dxc4 $11 {[%emt 0:00:33] The position is equal.} 50. Qd5+ Ka7 51. Qf7+ Ka6 52. Qxc4+ Kb7 {[%emt 0:00:46] aiming for ...Qf8+.} 53. Qf7+ Kc8 54. Qxh7 Qf8+ 55. Ke4 Nd7 {[%emt 0:00:14] ( -> ...Nf6+)} 56. Qf5 Qd6 57. g4 Qc6+ 58. Kd3 (58. d5 Qc4+ 59. Kf3 b5 $17) 58... b5 59. g5 ({Don't play} 59. Ke2 b4 60. g5 Qxg2+ 61. Kd3 Qa2 $17) 59... Qc4+ 60. Kd2 $1 Kd8 61. g6 {[%emt 0:01:20] g7 is the strong threat.} Qa2+ 62. Qc2 Qd5 63. Kc3 Qc4+ (63... Qe6 {feels hotter.} 64. Qd3 Nf6 65. g7 Ke7) 64. Kb2 Qb4+ 65. Qb3 Qd2+ 66. Kb1 Qe1+ 67. Ka2 Qf2+ 68. Ka3 Qxg2 69. Qg8+ Kc7 70. g7 {Threatens to win with Qf7.} Qg5 71. Qf7 Qxe3+ 72. Kb4 Qxd4+ 73. Kxb5 Qb2+ 74. Ka4 Qa1+ 75. Kb3 Qb1+ 76. Ka3 {[%emt 0:00:40] Black must now prevent Qf4+.} Qd3+ {[%emt 0:00:22] Weighted Error Value: White=0.17 (very precise) /Black=0.19 (very precise)} 1/2-1/2

[Event "Polish Youth B18 Championship 2023"]
[Site "Jastrzebia Gora"]
[Date "2023.03.14"]
[Round "4.13"]
[White "Stachecki, Mikolaj"]
[Black "Smetek, Michal"]
[Result "1/2-1/2"]
[ECO "B15"]
[WhiteElo "2015"]
[BlackElo "1787"]
[Annotator "TA"]
[PlyCount "76"]
[EventDate "2023.03.11"]
[EventType "swiss"]
[EventCountry "POL"]
[SourceTitle "playchess.com"]
[Source "ChessBase"]
[SourceQuality "1"]
[TimeControl "40/5400+30:1800+30"]

1. e4 c6 2. d4 d5 3. Nc3 dxe4 4. Nxe4 Nf6 5. Nxf6+ exf6 6. c3 Bd6 7. Bd3 O-O 8. Qc2 {[%emt 0:00:10] Active counter play!} Re8+ {[%emt 0:00:14] B15: Caro-Kann: 3 Nc3: 3...g6 and 3...dxe4 4 Nxe4 Nf6 5 Nxf6+ exf6.} 9. Ne2 h5 10. Be3 Qc7 {[%emt 0:05:21] White is slightly better.} 11. O-O-O c5 {[%emt 0:08:58] [#]} 12. Ng3 $146 ({Predecessor:} 12. Qa4 Bd7 13. Bb5 Bxb5 14. Qxb5 Na6 15. Ng3 g6 16. dxc5 Bxc5 17. Bd4 Re6 18. f3 {0-1 Noshin,A (2004)-Manon,R (2162) Dhaka Sheikh Hasina op 2021 (8)}) 12... cxd4 13. Bh7+ $1 ({Much worse is} 13. Bxd4 Nc6 $11) 13... Kf8 14. Bxd4 (14. Rxd4 $14 Nc6 15. Rh4) 14... Nc6 $15 15. Bf5 ({Better is} 15. Be3 $1 $15) 15... Nxd4 ({Black should play} 15... h4 16. Bxc8 hxg3) 16. Rxd4 $17 Be5 17. Rdd1 Bxf5 18. Qxf5 g6 19. Qd7 (19. Qc2 $17 {was worth a try.}) 19... Qb6 $19 20. Qd2 f5 21. Rhe1 Qc7 22. Kb1 Bf6 23. h3 (23. Nf1 $142) 23... Kg7 24. Ne2 b5 25. Nf4 Qc4 {[%emt 0:05:31] ...Rad8 would be deadly.} 26. Nd5 Rxe1 (26... Red8 $15) 27. Qxe1 $11 Rd8 28. Nxf6 Rxd1+ 29. Qxd1 Kxf6 {[%emt 0:00:15][%mdl 4096] Endgame KQ-KQ} 30. f3 {[%emt 0:07:45] Inhibits Qe4+.} f4 31. Qe1 Qd3+ 32. Kc1 Kf5 33. b3 h4 34. Kb2 g5 $2 {[%emt 0:00:36][%mdl 8192] [#]} (34... Kg5 $11 {and Black stays safe.}) 35. a4 $2 (35. Qb1 $1 $18 Qxb1+ 36. Kxb1) 35... bxa4 {[%emt 0:00:27] The position is equal.} 36. bxa4 {[%emt 0:00:04] Strongly threatening Qb1.} Qc4 37. Qb1+ Kf6 38. Qd1 {[%emt 0:00:33] Black must now prevent Qd4+.} Kg6 {[%emt 0:00:38] Whites escaped into a draw.   Weighted Error Value: White=0.46/Black=0.37} 1/2-1/2

[Event "Polish Youth B18 Championship 2023"]
[Site "Jastrzebia Gora"]
[Date "2023.03.14"]
[Round "4.14"]
[White "Madajczak, Piotr"]
[Black "Krasniewski, Szymon"]
[Result "1/2-1/2"]
[ECO "A10"]
[WhiteElo "1897"]
[BlackElo "1771"]
[Annotator "NA RC COMBH"]
[PlyCount "106"]
[EventDate "2023.03.11"]
[EventType "swiss"]
[EventCountry "POL"]
[SourceTitle "playchess.com"]
[Source "ChessBase"]
[SourceQuality "1"]
[TimeControl "40/5400+30:1800+30"]

1. c4 g6 2. Nc3 Bg7 3. g3 Nf6 4. Bg2 O-O 5. d3 d6 6. e3 e5 7. Nge2 c6 {[%emt 0:00:22] 7...c6 scores better than 7...Nc6.} 8. O-O Re8 9. b4 d5 10. cxd5 Nxd5 11. Nxd5 cxd5 {[%emt 0:00:01] [#]} 12. d4 $146 ({Predecessor:} 12. Rb1 Be6 13. b5 Nd7 14. a4 Rc8 15. Ba3 Nf6 16. d4 e4 17. h3 Qd7 18. Nf4 {0-1 Fuhrmann,F (1537)-Pienski,O (2004) Blankenese op 3rd 2019 (1.13)}) 12... exd4 13. Nxd4 Nc6 14. Ba3 Nxd4 15. exd4 Bf5 16. Qd2 Be4 17. f3 Bf5 18. Rac1 Qd6 19. g4 Bd7 20. Rc2 Rac8 21. Rfc1 Qf6 22. Bb2 Rxc2 23. Rxc2 Bb5 24. Qc1 Bc4 25. Bc3 Qh4 26. Rf2 Bh6 27. Bd2 Bxd2 28. Qxd2 Qe7 29. h3 Qe1+ 30. Kh2 Re6 31. Kg3 Qxd2 32. Rxd2 Ra6 33. g5 f6 34. h4 Rxa2 35. Rxa2 Bxa2 36. Bh3 Kf7 37. Kf4 b6 38. Ke3 a5 39. bxa5 bxa5 40. Kd2 fxg5 41. hxg5 h5 42. gxh6 Kg8 43. f4 Kh7 44. Be6 Kxh6 45. Kc3 Kg7 46. Kb2 Kf6 47. Bh3 Bc4 48. Ka3 Bb5 49. Bg4 Ke7 50. Bf3 Bc6 51. Bg2 Kd6 52. Bf1 $15 Be8 53. Be2 Bd7 1/2-1/2

[Event "Polish Youth B18 Championship 2023"]
[Site "Jastrzebia Gora"]
[Date "2023.03.14"]
[Round "4.15"]
[White "Paprocki, Antoni"]
[Black "Kozlowski, Franciszek"]
[Result "1/2-1/2"]
[ECO "E01"]
[WhiteElo "2255"]
[BlackElo "1829"]
[Annotator "TA"]
[PlyCount "99"]
[EventDate "2023.03.11"]
[EventType "swiss"]
[EventCountry "POL"]
[SourceTitle "playchess.com"]
[Source "ChessBase"]
[SourceQuality "1"]
[TimeControl "40/5400+30:1800+30"]

1. d4 Nf6 2. c4 e6 3. g3 d5 4. Bg2 Bb4+ 5. Nd2 O-O 6. Ngf3 b6 7. Ne5 Bb7 8. O-O Nfd7 {Recently 8...a5 got a lot of attention. E16: Queen's Indian: 4 g3 Bb7 5 Bg2 Bb4+.} 9. Ndf3 {[#]} (9. Nd3 $5 Be7 10. cxd5 Bxd5 11. e4 $14) 9... Be7 $146 {The position is equal.} ({Predecessor:} 9... dxc4 10. Qc2 g6 11. Nxc4 Be7 12. Rd1 Bf6 13. Bf4 Qe7 14. Rac1 Na6 15. Qa4 g5 16. Be3 {½-½ Soderstrom,A (2292)-Wernberg,H (2316) SWE-ch U20 Uppsala 2022 (4)}) 10. cxd5 Bxd5 11. Nxd7 (11. Qd3 {feels hotter.} c5 12. Nxd7 Nxd7 13. e4) 11... Nxd7 12. Qc2 Nf6 13. Bg5 Be4 14. Qa4 h6 {[#] ...b5 is the strong threat.} 15. Bxf6 Bxf6 16. Rac1 c6 17. Rfd1 Qd5 18. Ne1 Bxg2 19. Nxg2 Qe4 20. Kf1 Rfd8 (20... Rac8 {seems wilder.} 21. Qxa7 Bxd4 22. Qa4 c5) 21. Qxc6 Qxc6 22. Rxc6 Rxd4 23. Rxd4 Bxd4 $11 {[%mdl 4096] Endgame KRB-KRN} 24. b3 b5 25. e3 Bb6 26. Nf4 Rd8 27. Ke2 Kf8 28. Nd3 Ke7 29. Ne5 Rd5 30. f4 Rc5 31. Rxc5 Bxc5 {KB-KN} 32. b4 Bb6 33. Kd3 f6 34. Nc6+ Kd6 35. Nd4 Bxd4 36. Kxd4 {KP-KP} h5 37. Ke4 g6 38. h3 Kc6 39. g4 Kd6 40. gxh5 gxh5 41. f5 e5 42. Kd3 Kd5 {[#] ...e4+ would be deadly.} 43. e4+ Kd6 44. Ke3 Ke7 45. Kf3 Kf7 46. Kg3 Kg7 47. Kh4 Kh6 48. a3 a6 49. Kg3 Kg5 50. h4+ {[%emt 1:44:22] A rather calm draw.   Weighted Error Value: White=0.03 (flawless) /Black=0.03 (flawless)} 1/2-1/2

[Event "Polish Youth B18 Championship 2023"]
[Site "Jastrzebia Gora"]
[Date "2023.03.14"]
[Round "4.16"]
[White "Karut, Kacper"]
[Black "Malik, Maciej"]
[Result "1-0"]
[ECO "B47"]
[WhiteElo "1904"]
[BlackElo "2163"]
[Annotator "TA"]
[PlyCount "55"]
[EventDate "2023.03.11"]
[EventType "swiss"]
[EventCountry "POL"]
[SourceTitle "playchess.com"]
[Source "ChessBase"]
[SourceQuality "1"]
[TimeControl "40/5400+30:1800+30"]

1. e4 c5 2. Nf3 Nc6 3. d4 cxd4 4. Nxd4 e6 5. Nc3 Qc7 6. Be2 a6 7. O-O Nf6 8. Be3 Bb4 9. Nxc6 bxc6 10. f4 d5 {[%emt 0:23:05] B49: Sicilian: Taimanov: 5 Nc3 Qc7 6 Be3 a6 7 Be2.} 11. e5 Nd7 12. Na4 $1 O-O {[%emt 0:18:52] White is better.} 13. c4 Be7 14. cxd5 cxd5 15. Rc1 Qb8 16. Rc3 a5 {[%emt 0:07:53] [#]} (16... Bb7 $142) 17. Qc2 $146 ({Predecessor:} 17. Rb3 Qc7 18. Qc1 Qxc1 19. Rxc1 Rd8 20. Rc7 Bf8 21. Kf1 Rb8 22. Rxb8 Nxb8 23. Bb6 {1-0 Alsina Leal,D (2517)-Chalmeta Ugas,R (2269) Catalunya-chT Gp2 2016 (6.3)}) 17... f6 18. Bg4 {[%emt 0:12:22] White is much more active. The black rooks are badly placed.} Nxe5 $2 {[%emt 0:06:24][%mdl 8192] [#]} 19. fxe5 $18 {[%emt 0:03:24] White is clearly winning.} Qxe5 20. Nb6 Rb8 21. Nxc8 Bb4 (21... Rbxc8 $142 22. Rxc8 Qxe3+ 23. Kh1 Rxc8 24. Qxc8+ Kf7 25. Bh5+ g6) 22. Bf4 Qd4+ 23. Kh1 e5 24. Be6+ Kh8 25. Be3 Qh4 26. Bf2 Qf4 27. Rf3 Qg5 28. Be3 {[%emt 0:00:27] Black got outplayed after the opening.   Weighted Error Value: White=0.08 (flawless) /Black=0.64} 1-0